 Dungeon Crawl Stone Soup version 0.23-a0-180-ga5275e7 (webtiles) character file.

11 Inarius the Protected (level 2, -2/20 HPs)
             Began as a Gnoll Wanderer on Sept 18, 2018.
             Slain by a kobold
             ... wielding a +0 short sword
              (6 damage)
             ... on level 1 of the Dungeon.
             The game lasted 00:01:21 (622 turns).

Inarius the Protected (Gnoll Wanderer)               Turns: 622, Time: 00:01:22

Health: -2/20      AC:  4    Str: 16    XL:     2   Next: 29%
Magic:  5/5        EV: 11    Int: 14    God:
Gold:   6          SH:  0    Dex: 12    Spells: 6/6 levels left

rFire    . . .     SeeInvis .   a - +0 dagger
rCold    . . .     Gourm    .   (no shield)
rNeg     . . .     Faith    .   c - +0 leather armour
rPois    .         Spirit   .   (no helmet)
rElec    .         Reflect  .   (no cloak)
rCorr    .         Harm     .   (no gloves)
MR       .....                  (no boots)
Stlth    +.........             (no amulet)
HPRegen  0.06/turn              (no ring)
MPRegen  0.09/turn              (no ring)

@: no status effects
A: distributed training, fangs 1, strong nose
a: no special abilities


You were on level 1 of the Dungeon.
You were not hungry.

You visited 1 branch of the dungeon, and saw 1 of its levels.

You collected 6 gold pieces.

Inventory:

Hand Weapons
 a - a +0 dagger (weapon)
 b - a +2 blowgun
 i - a +0 spear
Missiles
 g - 18 stones (quivered)
 h - a curare-tipped needle
Armour
 c - a +0 leather armour (worn)
Scrolls
 d - a scroll of random uselessness {unknown}
 e - a scroll of identify {unknown}
Comestibles
 f - 2 rations


   Skills:
 + Level 0.3 Fighting
 + Level 0.3 Short Blades
 + Level 0.3 Long Blades
 + Level 2.4 Axes
 + Level 0.3 Maces & Flails
 + Level 0.3 Polearms
 + Level 0.3 Staves
 + Level 0.3 Slings
 + Level 0.3 Bows
 + Level 0.3 Crossbows
 + Level 2.4 Throwing
 + Level 8.4 Armour
 + Level 0.3 Dodging
 + Level 0.3 Stealth
 + Level 2.4 Shields
 + Level 0.3 Unarmed Combat
 + Level 2.7 Spellcasting
 + Level 0.2 Conjurations
 + Level 0.2 Hexes
 + Level 3.7 Charms
 + Level 0.2 Summonings
 + Level 0.2 Necromancy
 + Level 0.2 Translocations
 + Level 0.2 Transmutations
 + Level 0.2 Fire Magic
 + Level 0.2 Ice Magic
 + Level 0.2 Air Magic
 + Level 0.2 Earth Magic
 + Level 0.2 Poison Magic
 + Level 0.4 Invocations
 + Level 0.3 Evocations


You had 6 spell levels left.
You didn't know any spells.
Your spell library contained the following spells:

 Spells                   Type           Power        Failure   Level  Hunger
 Flame Tongue             Conj/Fire      #....        24%         1    #......
 Shock                    Conj/Air       #...         24%         1    #......
 Ignite Poison            Fire/Tmut/Pois #.......     58%         3    ###....
 Static Discharge         Conj/Air       #.......     58%         3    ###....


Dungeon Overview and Level Annotations

Branches:
Dungeon (1/15)

Altars:


Innate Abilities, Weirdness & Mutations

Your experience applies equally to all skills.
You have very sharp teeth.
Your uncanny sense of smell can sniff out nearby items.


Message History

The kobold hits you with a short sword.
You are too injured to fight recklessly!
You are too injured to fight recklessly!
You are too injured to fight recklessly!
You are too injured to fight recklessly!
You are too injured to fight recklessly!
You completely miss the bat. Your bite misses the bat. The bat hits you.
The bat misses you. The bat hits you but does no damage.
The kobold hits you with a short sword.
* * * LOW HITPOINT WARNING * * *
The bat closely misses you. The bat barely misses you.
The bat barely misses you. The bat hits you.
* * * LOW HITPOINT WARNING * * *
You hit the bat.
The bat is severely wounded.
The bat hits you but does no damage. The kobold hits you but does no damage.
a - a +0 dagger (weapon)
The kobold hits you with a short sword.
You die...

..............#
.............###
.................
.................
.................
......†.?........
#.................
##.......K.........
........b@.........
...............###
.............##..
................#
...#.............
...#...........##
.. #...........#
#..†.########
#....#


You could see a bat and a kobold.

Vanquished Creatures
  A dart slug (D:1)
  A giant cockroach (D:1)
  A hobgoblin (D:1)
  3 kobolds (D:1)
  A ball python (D:1)
  A bat (D:1)
  2 rats (D:1)
10 creatures vanquished.

Notes
Turn   | Place    | Note
-------+----------+-------------------------------------------
     0 | D:1      | Inarius the Gnoll Wanderer began the quest for the Orb.
     0 | D:1      | Inarius set off with: a curare-tipped needle, a +2 blowgun,
                  | a +0 robe, a ration
     0 | D:1      | Reached XP level 1. HP: 13/13 MP: 4/4
    89 | D:1      | Reached XP level 2. HP: 10/19 MP: 5/5
   622 | D:1      | Slain by a kobold

Vault maps used:
D:1:      erik_arrival_cave_to_civilisation

Action                   || total
-------------------------++-------
Melee: Dagger            ||    41
       Bite              ||     5
       Unarmed           ||     2
       Spear             ||     8
 Fire: Blowgun           ||     4
Throw: Stone             ||     3
Armor: Leather armour    ||    20
Dodge: Dodged            ||    30

Table legend:
 A = Non-vault XP
 B = Vault XP
 C = Vault XP percentage of total XP
 D = Non-vault monster count
 E = Vault monster count
 F = Vault count percentage of total count
                 A         B        C        D         E       F
            +---------+---------+-------+---------+---------+-------
      Total |      14 |       3 |  17.6 |       8 |       2 |  20.0
            +---------+---------+-------+---------+---------+-------
        D:1 |      14 |       3 |  17.6 |       8 |       2 |  20.0
            +---------+---------+-------+---------+---------+-------
